Cogmind - Beta 10.2 --- EXPLORER MODE // 2021.04.01 @ 17:03:03 // AFD2021/Volatile Player: Sabazin Result: Destroyed by exploding Network Hub Performance ------------- Evolutions (8) 4000 Regions Visited (23) 4600 Robots Destroyed (62) 310 Value Destroyed (1669) 1669 Prototype IDs (33) 660 Alien Tech Used (0) 0 Bonus (737) 737 TOTAL SCORE: 11976 Bonus ------- Follower Combat Kills 258 Network Hubs Disabled 200 Met Data Miner 300 Friendly Fire -21 Cogmind --------- Core Integrity 0/1450 Matter 72/300 Energy 100/100 System Corruption 3% Temperature Cool (20) Movement Core (50) Location -2/Research Parts ------- > --- POWER (4) -------- (None) > --- PROPULSION (6) --- (None) > --- UTILITY (10) ----- Advanced Signal Interpreter > --- WEAPON (4) ------- (None) > --- INVENTORY (4) ---- (None) Peak State ------------ > --- POWER ------------ Enhanced Fission Core Light Particle Reactor Light Quantum Reactor > --- PROPULSION ------- Myomer Leg Myomer Leg Myomer Leg Biometal Leg Centrium Leg Centrium Leg > --- UTILITY ---------- Advanced Visual Processing Unit Long-range Sensor Array Advanced Signal Interpreter Reaction Control System Layered Medium Armor Plating Improved Energy Mantle > --- WEAPON ----------- Gamma Rifle Quantum Rifle Enhanced Nova Cannon Linear Accelerator > --- INVENTORY -------- Armored Heavy Treads Myomer Leg Gamma Rifle [Rating: 139] Favorites ----------- Power Ion Engine Engine Ion Engine Power Core Neutrino Core Reactor Light Particle Reactor Propulsion Improved VTOL Module Treads Light Treads Leg Myomer Leg Wheel Wheel Hover Unit Aerolev Unit Flight Unit Improved VTOL Module Utility Advanced Visual Processing Unit Device Experimental Sensor Array Storage Large Storage Unit Processor Advanced Visual Processing Unit Protection Light Armor Plating Weapon EM Pulse Gun Energy Gun EM Pulse Gun Energy Cannon Advanced Beam Cannon Ballistic Gun Railgun Ballistic Cannon Linear Accelerator Impact Weapon Thunder Hammer Slashing Weapon Katana Build | -11 -10 -10 -10 -9 -8 -7 -7 -7 -7 -7 -6 -6 -6 -6 -5 -5 -5 -5 -5 -4 -3 -3 -2 ------- Run | Scr Mat Min Exi Min Mat Fac Was Fac Low Dat Pro Fac Low Low Fac Ext Cet Arc Hub Fac Res Tes Res Slots Evolved 17 | . 1 . . . 4 2 . . . . . 2 . . 2 . . . . 2 2 . 2 Power 3 | . . . . . 1 . . . . . . 1 . . . . . . . 1 . . . Propulsion 4 | . . . . . 2 1 . . . . . . . . . . . . . . 1 . . Utility 8 | . 1 . . . 1 1 . . . . . 1 . . 1 . . . . 1 . . 2 Weapon 2 | . . . . . . . . . . . . . . . 1 . . . . . 1 . . Parts Attached 141 | 9 2 . . 2 18 5 2 5 2 . 2 19 8 2 9 3 1 1 8 8 10 5 20 Power 34 | 1 . . . . 2 1 . 1 . . . 8 4 . 3 . . . 3 4 2 2 3 Engine 15 | 1 . . . . 1 . . 1 . . . 6 4 . 1 . . . . 1 . . . Core 17 | . . . . . 1 1 . . . . . 2 . . 2 . . . 3 3 2 2 1 Reactor 2 | . . . . . . . . . . . . . . . . . . . . . . . 2 Propulsion 46 | 5 . . . . 9 1 2 . 1 . 2 5 2 2 3 . 1 1 2 1 1 1 7 Treads 2 | 2 . . . . . . . . . . . . . . . . . . . . . . . Leg 10 | . . . . . . . . . . . . . . 2 . . . . . . . 1 7 Wheel 3 | 3 . . . . . . . . . . . . . . . . . . . . . . . Hover 5 | . . . . . 5 . . . . . . . . . . . . . . . . . . Flight 26 | . . . . . 4 1 2 . 1 . 2 5 2 . 3 . 1 1 2 1 1 . . Utility 31 | 1 2 . . 1 2 1 . 2 1 . . 5 1 . 2 1 . . . 2 6 . 4 Device 24 | . . . . 1 1 1 . 2 1 . . 4 1 . 2 1 . . . 2 5 . 3 Storage 2 | 1 1 . . . . . . . . . . . . . . . . . . . . . . Processor 2 | . . . . . . . . . . . . 1 . . . . . . . . 1 . . Hackware . | . . . . . . . . . . . . . . . . . . . . . . . . Protection 3 | . 1 . . . 1 . . . . . . . . . . . . . . . . . 1 Artifact . | . . . . . . . . . . . . . . . . . . . . . . . . Weapon 30 | 2 . . . 1 5 2 . 2 . . . 1 1 . 1 2 . . 3 1 1 2 6 Energy Gun 14 | 2 . . . 1 1 2 . 1 . . . . . . 1 . . . 1 . 1 1 3 Energy Cannon 5 | . . . . . 2 . . . . . . 1 . . . 1 . . . . . . 1 Ballistic Gun 3 | . . . . . . . . 1 . . . . 1 . . . . . . 1 . . . Ballistic Cannon 4 | . . . . . 2 . . . . . . . . . . . . . . . . 1 1 Launcher . | . . . . . . . . . . . . . . . . . . . . . . . . Special Weapon . | . . . . . . . . . . . . . . . . . . . . . . . . Impact Weapon 1 | . . . . . . . . . . . . . . . . . . . . . . . 1 Slashing Weapon 3 | . . . . . . . . . . . . . . . . 1 . . 2 . . . . Piercing Weapon . | . . . . . . . . . . . . . . . . . . . . . . . . Special Melee Weapon . | . . . . . . . . . . . . . . . . . . . . . . . . Unidentified Prototypes 14 | . . . . 1 3 . 1 1 . . . 1 . . . . . . 1 . 2 2 2 Parts Lost 61 | . . . . 2 6 . . 3 . . 1 1 14 . . 3 2 5 6 1 9 . 8 Power 10 | . . . . . . . . . . . . 1 4 . . 1 1 1 1 . 1 . . Propulsion 17 | . . . . . 1 . . 2 . . 1 . 3 . . . 1 2 2 . 5 . . Utility 16 | . . . . 1 1 . . 1 . . . . 5 . . 1 . 1 1 . 1 . 4 Weapon 18 | . . . . 1 4 . . . . . . . 2 . . 1 . 1 2 1 2 . 4 Highest Loss Streak 10 | . . . . 1 3 . . 2 . . 1 1 10 . . 3 1 6 6 1 5 . 8 Average Slot Usage (%) 59 | . 80 87 87 82 71 66 53 52 48 50 49 70 46 25 49 63 58 46 42 47 28 18 40 Engine 6 | . 12 12 12 12 8 7 7 5 7 7 7 10 6 . 1 5 5 3 . 3 . . . Core 2 | . . . . . 7 7 7 5 . . . 1 . . 6 10 3 . 6 7 2 2 2 Leg 1 | . . . . . . . . . . . . . . . 6 . . . . . . 2 11 Wheel 7 | . 25 25 25 25 5 . . . . . . . . . . . . . . . . . . Hover 1 | . . . . . 18 . . . . . . . . . . . . . . . . . . Flight 13 | . . . . . 2 35 31 29 27 28 28 31 22 18 18 22 22 20 19 18 7 . . Device 5 | . . . . . 3 5 7 5 7 7 7 14 9 . 8 10 11 8 4 5 7 4 6 Storage 3 | . 12 12 12 12 7 . . . . . . . . . . . . . . . . . . Processor 2 | . . . . . . . . . . . . 5 6 6 5 5 5 5 5 5 5 9 7 Protection 2 | . 5 12 12 7 3 . . . . . . . . . . . . . . . . . 1 Energy Gun 9 | . 25 25 25 24 4 8 . 3 7 7 7 6 1 . 1 4 . . . . 1 . 2 Naked Turns . | . . . . . . . . . . . . . . . . . . . . . . . . Heaviest Build 102 | 16 27 27 27 27 50 27 17 25 15 15 15 32 31 . 37 39 36 22 31 55 48 16 102 Greatest Support 163 | 40 20 20 20 20 44 30 30 30 17 17 17 34 34 5 41 41 41 39 40 34 38 25 163 Greatest Overweight (x) 9 | 4 1 1 1 1 3 1 . 1 . . 1 2 1 . . . . 1 2 1 4 4 9 Average Overweight (x) . | . . 1 1 1 . . . . . . . . . . . . . . . . . . . Largest Inventory Capacity 10 | 8 10 10 10 10 10 4 4 4 4 4 4 4 4 4 4 4 4 4 4 4 4 4 4 Average Capacity 6 | 7 9 10 10 10 9 4 4 4 4 4 4 4 4 4 4 4 4 4 4 4 4 4 4 Most Carried 10 | 4 5 4 4 8 10 4 4 4 4 3 4 4 4 4 4 4 4 3 4 4 4 4 4 Average Carried 3 | 1 3 4 4 5 6 3 3 3 3 3 3 3 1 1 3 4 3 2 2 2 3 2 2 Final Capacity 10 | 8 10 10 10 10 4 4 4 4 4 4 4 4 4 4 4 4 4 4 4 4 4 4 4 Final Carried 7 | 3 4 4 4 7 4 3 4 4 3 3 3 4 1 4 4 4 3 1 1 4 4 4 . Class Distribution -------------------- 49% | Hacker-Mutant 37% | Hacker-Sprinter 4% | Hacker-Scout 4% | Generator-Sprinter Dominant Class ---------------- Hacker-Mutant | -10/Materials Hacker-Mutant | -10/Mines Hacker-Mutant | -10/Exiles Hacker-Mutant | -9/Mines Hacker-Mutant | -8/Materials Hacker-Sprinter | -7/Factory Hacker-Sprinter | -7/Waste Hacker-Sprinter | -7/Factory Hacker-Sprinter | -7/Lower Caves Hacker-Sprinter | -7/Data Miner Hacker-Sprinter | -6/Proximity Caves Hacker-Sprinter | -6/Factory Hacker-Sprinter | -6/Lower Caves Hacker-Mutant | -6/Lower Caves Hacker-Mutant | -5/Factory Generator-Sprinter | -5/Extension Hacker-Sprinter | -5/Cetus Hacker-Sprinter | -5/Archives Hacker-Sprinter | -5/Hub_04(d) Hacker-Mutant | -4/Factory Hacker-Mutant | -3/Research Hacker-Mutant | -3/Testing Generator-Mutant | -2/Research Resources | -11 -10 -10 -10 -9 -8 -7 -7 -7 -7 -7 -6 -6 -6 -6 -5 -5 -5 -5 -5 -4 -3 -3 -2 ----------- Run | Scr Mat Min Exi Min Mat Fac Was Fac Low Dat Pro Fac Low Low Fac Ext Cet Arc Hub Fac Res Tes Res Matter Collected 1318 | 148 30 . . 152 36 111 111 27 16 . 105 92 92 86 10 . . . 16 64 60 54 108 Remotely . | . . . . . . . . . . . . . . . . . . . . . . . . Salvage Created 2315 | 280 179 . . 117 446 30 . 194 156 . 54 153 114 . . 234 . 31 258 . . . 69 Parts 154 | 28 19 . . 10 29 2 . 12 6 . 7 11 3 . . 8 . 2 11 . . . 6 Haulers Intercepted 3 | . 1 . . . 1 . . . . . . . . . . . . . 1 . . . . Recyclers Shooed 2 | . 2 . . . . . . . . . . . . . . . . . . . . . . Parts Field Recycled . | . . . . . . . . . . . . . . . . . . . . . . . . Retrieved Matter . | . . . . . . . . . . . . . . . . . . . . . . . . Parts Self-Destructed . | . . . . . . . . . . . . . . . . . . . . . . . . Prevented . | . . . . . . . . . . . . . . . . . . . . . . . . Kills | -11 -10 -10 -10 -9 -8 -7 -7 -7 -7 -7 -6 -6 -6 -6 -5 -5 -5 -5 -5 -4 -3 -3 -2 ------- Run | Scr Mat Min Exi Min Mat Fac Was Fac Low Dat Pro Fac Low Low Fac Ext Cet Arc Hub Fac Res Tes Res Combat Hostiles Destroyed 33 | . 6 . . 3 7 . . 3 4 . 3 2 3 . . . . . 1 . . . 1 Melee 1 | . . . . . . . . . . . . . . . . . . . 1 . . . . Guns 19 | . 4 . . 2 2 . . 3 3 . 2 1 1 . . . . . . . . . 1 Cannons 5 | . . . . . 4 . . . . . . 1 . . . . . . . . . . . AOE 6 | . 2 . . 1 1 . . . . . 1 . 1 . . . . . . . . . . Classes Destroyed 12 | 3 3 . . 2 1 1 . . . . . . 1 . . . . . . . . . 1 Worker 9 | 2 2 . . . . . . 2 . . . . . . . . . . 3 . . . . Tunneler 8 | 8 . . . . . . . . . . . . . . . . . . . . . . . Hauler 3 | . 1 . . . 1 . . . . . . . . . . . . . 1 . . . . Recycler 2 | 1 . . . . . . . . . . . . . . . 1 . . . . . . . Operator 2 | . . . . . . 1 . . . . . . . . . . . 1 . . . . . Watcher 5 | . 2 . . . . . . . . . . 1 . . . 2 . . . . . . . Swarmer 13 | . 6 . . . . . . . 2 . 3 . 2 . . . . . . . . . . Grunt 5 | . . . . 2 2 . . 1 . . . . . . . . . . . . . . . Duelist 3 | . . . . 1 . . . 1 . . . 1 . . . . . . . . . . . Sentry 9 | . . . . . 5 . . 1 . . . 1 1 . . . . . 1 . . . . Programmer 1 | . . . . . . . . . . . . . . . . . . . . . . . 1 Samaritan 1 | . . . . . . . . . . . . . 1 . . . . . . . . . . Thug 2 | . . . . . . . . . 2 . . . . . . . . . . . . . . Best Kill Streak 6 | 6 6 . . 2 2 1 . 3 2 . 2 1 2 . . 2 . 1 3 . . . 1 Combat Bots Only 2 | . 2 . . 2 2 . . 2 2 . 2 1 2 . . . . . 1 . . . 1 Max Kills in Single Turn 3 | 2 3 . . 2 2 1 . 3 1 . 2 1 3 . . 1 . 1 3 . . . 1 Gunslinging . | . . . . . . . . . . . . . . . . . . . . . . . . Exploded 2 | . 2 . . 1 1 . . . . . 1 . 1 . . . . . . . . . . Melee 1 | . . . . . . . . . . . . . . . . . . . 1 . . . . Uniques/NPCs Destroyed . | . . . . . . . . . . . . . . . . . . . . . . . . Combat | -11 -10 -10 -10 -9 -8 -7 -7 -7 -7 -7 -6 -6 -6 -6 -5 -5 -5 -5 -5 -4 -3 -3 -2 -------- Run | Scr Mat Min Exi Min Mat Fac Was Fac Low Dat Pro Fac Low Low Fac Ext Cet Arc Hub Fac Res Tes Res Damage Taken 8484 | 53 121 . . 147 691 110 . 196 60 . 158 159 649 38 . 374 368 345 590 100 1668 298 2359 Core 3759 | 26 12 . . 11 240 11 . 23 35 . 59 52 77 38 . 86 84 169 234 29 931 188 1454 Absorbed by Shields 458 | . . . . . . . . . . . . . . . . . . . . . 28 . 430 Core Remaining (%) 67 | 89 . . . 80 56 . . . . . 81 . . 80 . . . . 42 97 . 13 . Volleys Fired 136 | 10 17 . . 4 20 7 . 13 11 1 10 9 14 . . 8 1 . . 3 2 . 6 Largest 3 | 2 2 . . 2 2 2 . 1 1 1 1 2 2 . . 1 1 . . 1 1 . 3 Hottest 280 | 80 80 . . 80 136 118 . 28 20 20 20 85 48 . . 80 75 . . 35 35 . 280 Shots Fired 193 | 20 34 . . 8 33 14 . 13 11 1 10 10 15 . . 8 1 . . 3 2 . 10 Gun 167 | 20 34 . . 8 11 14 . 13 11 1 10 9 15 . . 8 . . . 3 2 . 8 Cannon 26 | . . . . . 22 . . . . . . 1 . . . . 1 . . . . . 2 Launcher . | . . . . . . . . . . . . . . . . . . . . . . . . Special . | . . . . . . . . . . . . . . . . . . . . . . . . Kinetic 15 | . . . . . . . . 8 . . . . 1 . . . . . . 3 2 . 1 Thermal 126 | 10 17 . . 4 22 7 . 5 11 1 10 10 14 . . 8 . . . . . . 7 Explosive . | . . . . . . . . . . . . . . . . . . . . . . . . Electromagnetic 52 | 10 17 . . 4 11 7 . . . . . . . . . . 1 . . . . . 2 Robot Hit Streak 28 | 12 13 . . 10 12 13 . 12 13 . 14 16 15 . . 23 . . . 26 28 . 5 Robot Miss Streak 2 | 1 1 . . 1 1 1 . 1 . . 1 1 . . . . . . . . . . 2 Penetration Max . | . . . . . . . . . . . . . . . . . . . . . . . . Secondary Targets 2 | . . . . . 1 . . . . . . . 1 . . . . . . . . . . Max Gunslinging Chain 1 | . . . . . 1 . . . . . . . 1 . . . . . . . . . . Shots Hit Robots 171 | 16 23 . . 6 27 10 . 12 11 . 8 9 15 . . 10 . 1 10 4 2 . 7 Core Hits 100 | 12 14 . . 6 13 3 . 10 7 . 7 7 5 . . 4 . 1 7 . . 1 3 Critical Hits 6 | . . . . . 4 . . . . . . . . . . 2 . . . . . . . Critical Kills 3 | . . . . . 2 . . . . . . . . . . 1 . . . . . . . Critical Parts Destroyed 3 | . . . . . 2 . . . . . . . . . . 1 . . . . . . . Melee Attacks 15 | . . . . . . . . . . . . . . . . 2 . 1 10 2 . . . Impact . | . . . . . . . . . . . . . . . . . . . . . . . . Slashing 15 | . . . . . . . . . . . . . . . . 2 . 1 10 2 . . . Piercing . | . . . . . . . . . . . . . . . . . . . . . . . . Sneak Attacks 4 | . . . . . . . . . . . . . . . . 1 . 1 2 . . . . Combat Hostiles . | . . . . . . . . . . . . . . . . . . . . . . . . Follow-up Attacks 1 | . . . . . . . . . . . . . . . . . . . 1 . . . . Damage Inflicted 5281 | 327 536 . . 215 614 151 . 484 226 . 215 309 488 . . 340 . 145 839 128 50 10 204 Guns 2295 | 195 209 . . 82 128 151 . 247 187 . 153 174 234 . . 197 . . . 84 50 . 204 Cannons 394 | . . . . . 368 . . . . . . 26 . . . . . . . . . . . Explosions 1655 | 132 327 . . 129 114 . . 237 39 . 62 109 254 . . . . . 252 . . . . Melee 919 | . . . . . . . . . . . . . . . . 143 . 145 587 44 . . . Ramming 18 | . . . . 4 4 . . . . . . . . . . . . . . . . 10 . Kinetic 306 | . . . . . . . . 172 . . . . . . . . . . . 84 50 . . Thermal 2859 | 77 339 . . 33 474 70 . 275 226 . 188 309 428 . . 197 . . 73 . . . 170 Explosive 371 | 87 31 . . 129 . . . 37 . . 27 . 60 . . . . . . . . . . Electromagnetic 808 | 163 166 . . 49 136 81 . . . . . . . . . . . . 179 . . . 34 Impact . | . . . . . . . . . . . . . . . . . . . . . . . . Slashing 919 | . . . . . . . . . . . . . . . . 143 . 145 587 44 . . . Piercing . | . . . . . . . . . . . . . . . . . . . . . . . . Highest Corruption 6 | . . . . . 1 . . . . . . . . . . . . . 2 . 5 6 3 Average Corruption 3 | . . . . . 1 . . . . . . . . . . . . . 2 . 4 5 2 Corruption Purged . | . . . . . . . . . . . . . . . . . . . . . . . . Effects 16 | . . . . . 1 . . . . . . . . . . . . . . . 6 8 1 Message Errors 4 | . . . . . . . . . . . . . . . . . . . . . . 4 . Matter Fused 1 | . . . . . . . . . . . . . . . . . . . . . 1 . . Heat Flow Errors 3 | . . . . . . . . . . . . . . . . . . . . . 2 1 . Energy Discharges 5 | . . . . . 1 . . . . . . . . . . . . . . . 2 2 . Data Loss (minor) 3 | . . . . . . . . . . . . . . . . . . . . . 1 1 1 Overload Shots . | . . . . . . . . . . . . . . . . . . . . . . . . Overflow Damage 392 | 13 25 . . . 17 . . 10 . . . 12 290 . . . . . 25 . . . . Projectiles . | . . . . . . . . . . . . . . . . . . . . . . . . Explosions 391 | 13 25 . . . 17 . . 10 . . . 12 290 . . . . . 24 . . . . Melee 1 | . . . . . . . . . . . . . . . . . . . 1 . . . . Knockbacks . | . . . . . . . . . . . . . . . . . . . . . . . . Impact . | . . . . . . . . . . . . . . . . . . . . . . . . Kinetic . | . . . . . . . . . . . . . . . . . . . . . . . . Secondary . | . . . . . . . . . . . . . . . . . . . . . . . . Self-Inflicted Damage 1087 | 56 73 . . 111 92 6 . 29 . . . 84 361 . . . . 72 198 . . 5 . Shots 30 | 4 5 . . 3 5 1 . 2 . . . 2 3 . . . . 1 4 . . . . Rammed 3 | . . . . 1 1 . . . . . . . . . . . . . . . . 1 . Targets Rammed 3 | . . . . 1 1 . . . . . . . . . . . . . . . . 1 . Kicked . | . . . . . . . . . . . . . . . . . . . . . . . . Crushed . | . . . . . . . . . . . . . . . . . . . . . . . . Highest Temperature 587 | 48 172 . . 36 587 474 88 115 . . . 141 1 . . 78 3 . 13 . 196 231 427 Average Temperature 126 | 18 52 . . 15 231 233 36 39 . . . 42 1 . . 35 2 . 8 . 104 113 169 Received Heat Transfer 1569 | . 9 . . 12 264 81 . 48 27 . 60 36 54 30 . 90 108 108 90 36 151 57 308 Effects 31 | . . . . . 23 6 . . . . . . . . . . . . . . . 1 1 Shutdowns 15 | . . . . . 11 3 . . . . . . . . . . . . . . . . 1 Energy Bleed 2 | . . . . . . 1 . . . . . . . . . . . . . . . 1 . Interference 4 | . . . . . 4 . . . . . . . . . . . . . . . . . . Matter Decay 4 | . . . . . 4 . . . . . . . . . . . . . . . . . . Short Circuit 2 | . . . . . . 2 . . . . . . . . . . . . . . . . . Damage (minor) 3 | . . . . . 3 . . . . . . . . . . . . . . . . . . Damage (core) 1 | . . . . . 1 . . . . . . . . . . . . . . . . . . Siege Activations . | . . . . . . . . . . . . . . . . . . . . . . . . Robots Corrupted . | . . . . . . . . . . . . . . . . . . . . . . . . Combat Hostiles . | . . . . . . . . . . . . . . . . . . . . . . . . Parts Fried 3 | . 1 . . . . 1 . . . . . . . . . . . . 1 . . . . Impact Corruptions . | . . . . . . . . . . . . . . . . . . . . . . . . Robots Melted 2 | . . . . . . . . . 1 . . . 1 . . . . . . . . . . Combat Hostiles 2 | . . . . . . . . . 1 . . . 1 . . . . . . . . . . Parts Melted 2 | . . . . . . . . . 1 . . . . . . . . . . . . . 1 Heat Transferred 4343 | 175 400 . . 75 816 148 . 358 470 . 456 420 444 . . 296 . . 100 . . . 185 Parts Sabotaged . | . . . . . . . . . . . . . . . . . . . . . . . . Parts Stolen . | . . . . . . . . . . . . . . . . . . . . . . . . Parts Stripped . | . . . . . . . . . . . . . . . . . . . . . . . . Power Chain Reactions 4 | 2 2 . . . . . . . . . . . . . . . . . . . . . . Missiles Intercepted . | . . . . . . . . . . . . . . . . . . . . . . . . Alert | -11 -10 -10 -10 -9 -8 -7 -7 -7 -7 -7 -6 -6 -6 -6 -5 -5 -5 -5 -5 -4 -3 -3 -2 ------- Run | Scr Mat Min Exi Min Mat Fac Was Fac Low Dat Pro Fac Low Low Fac Ext Cet Arc Hub Fac Res Tes Res Peak Influence . | . . . . . . . . . . . . . . . . . . . . . . . . Initial 167 | . 26 78 . . . 51 123 82 . . . 84 . . 25 27 98 28 19 167 92 125 71 Average . | . . . . . . . . . . . . . . . . . . . . . . . . Maximum Alert Level 2 | . 1 . . . . 2 . 1 . . . 1 . . . 1 . . 2 1 1 . . Low Security (%) 87 | 100 75 100 . 100 100 74 100 79 . . . 97 . . 100 51 100 100 74 17 46 100 100 Level 1 10 | . 24 . . . . . . 20 . . . 2 . . . 48 . . 10 82 53 . . Level 2 2 | . . . . . . 25 . . . . . . . . . . . . 15 . . . . Level 3 . | . . . . . . . . . . . . . . . . . . . . . . . . Level 4 . | . . . . . . . . . . . . . . . . . . . . . . . . Level 5 . | . . . . . . . . . . . . . . . . . . . . . . . . High Security . | . . . . . . . . . . . . . . . . . . . . . . . . Max Security . | . . . . . . . . . . . . . . . . . . . . . . . . Squads Dispatched 12 | . . . . . 1 . . 1 . . . 1 . . . . 2 . 1 1 1 1 3 Investigation 2 | . . . . . . . . . . . . . . . . . 2 . . . . . . Extermination 3 | . . . . . . . . . . . . 1 . . . . . . . . . 1 1 Reinforcement 6 | . . . . . 1 . . 1 . . . . . . . . . . 1 1 1 . 1 Assault 1 | . . . . . . . . . . . . . . . . . . . . . . . 1 Garrison . | . . . . . . . . . . . . . . . . . . . . . . . . Intercept . | . . . . . . . . . . . . . . . . . . . . . . . . Construction Impeded 1 | . . . . . . . . . . . . . . . . . . . 1 . . . . Haulers Reinforced 1 | . . . . . . . . . . . . . . . . . . . . . 1 . . Stealth | -11 -10 -10 -10 -9 -8 -7 -7 -7 -7 -7 -6 -6 -6 -6 -5 -5 -5 -5 -5 -4 -3 -3 -2 --------- Run | Scr Mat Min Exi Min Mat Fac Was Fac Low Dat Pro Fac Low Low Fac Ext Cet Arc Hub Fac Res Tes Res Distress Signals 14 | . . . . . 6 . . . . . . . . . 1 2 1 . . . 2 1 1 Communications Jammed . | . . . . . . . . . . . . . . . . . . . . . . . . Distress Signals . | . . . . . . . . . . . . . . . . . . . . . . . . Times Spotted 207 | . 12 . . 2 23 5 4 4 9 . 13 4 7 4 5 15 14 4 12 4 29 10 27 Peak Tracking Total 20 | . 3 . . 2 11 3 4 2 7 . 7 2 2 2 5 6 12 4 9 3 12 8 20 Tactical Retreats 30 | . 1 . . . 3 1 . . . . 3 . 3 3 . 3 . . 1 . 9 1 2 Traps | -11 -10 -10 -10 -9 -8 -7 -7 -7 -7 -7 -6 -6 -6 -6 -5 -5 -5 -5 -5 -4 -3 -3 -2 ------- Run | Scr Mat Min Exi Min Mat Fac Was Fac Low Dat Pro Fac Low Low Fac Ext Cet Arc Hub Fac Res Tes Res Traps Triggered 5 | . . . . . 1 2 . 1 . . . . . . . . . . . . . . 1 Indirectly . | . . . . . . . . . . . . . . . . . . . . . . . . Trap Hack Attempts . | . . . . . . . . . . . . . . . . . . . . . . . . Triggered . | . . . . . . . . . . . . . . . . . . . . . . . . Disarmed 3 | . 3 . . . . . . . . . . . . . . . . . . . . . . Reprogrammed 1 | . . . . . . . . . . . . . . . . . . . . 1 . . . Reused 1 | . . . . . . . . . . . . . . . . . . . . 1 . . . Traps Extracted . | . . . . . . . . . . . . . . . . . . . . . . . . Installed . | . . . . . . . . . . . . . . . . . . . . . . . . Triggered 2 | . . . . . . . . . . . . . . 1 . . . . . 1 . . . Machines | -11 -10 -10 -10 -9 -8 -7 -7 -7 -7 -7 -6 -6 -6 -6 -5 -5 -5 -5 -5 -4 -3 -3 -2 ---------- Run | Scr Mat Min Exi Min Mat Fac Was Fac Low Dat Pro Fac Low Low Fac Ext Cet Arc Hub Fac Res Tes Res Machines Disabled 19 | . 3 . . 2 3 1 . 3 . . . . . . . . . . 7 . . . . Max in Single Turn 7 | . 3 . . 1 1 1 . 2 . . . . . . . . . . 7 . . . . Garrison Access 2 | . . . . . . . . . . . . 1 . . . . . . . . . . 1 Network Hub 1 | . . . . . . . . . . . . . . . . . . . 1 . . . . Machines Sabotaged . | . . . . . . . . . . . . . . . . . . . . . . . . Garrisons Compromised . | . . . . . . . . . . . . . . . . . . . . . . . . Overloaded Fab Kills . | . . . . . . . . . . . . . . . . . . . . . . . . Fab Network Shutdowns 1 | . . . . . . 1 . . . . . . . . . . . . . . . . . Hacking | -11 -10 -10 -10 -9 -8 -7 -7 -7 -7 -7 -6 -6 -6 -6 -5 -5 -5 -5 -5 -4 -3 -3 -2 --------- Run | Scr Mat Min Exi Min Mat Fac Was Fac Low Dat Pro Fac Low Low Fac Ext Cet Arc Hub Fac Res Tes Res Machines Accessed 49 | . 5 . 4 1 4 6 . 2 2 4 . 6 . . 4 2 3 . 2 1 . 1 2 Terminals 28 | . 5 . . 1 4 2 . . . . . 2 . . 3 2 3 . 2 1 . 1 2 Fabricators 4 | . . . . . . 2 . 1 . . . 1 . . . . . . . . . . . Repair Stations 3 | . . . . . . 1 . 1 . . . . . . 1 . . . . . . . . Recycling Units 1 | . . . . . . . . . . . . 1 . . . . . . . . . . . Scanalyzers 2 | . . . . . . 1 . . . . . 1 . . . . . . . . . . . Garrison Access 1 | . . . . . . . . . . . . 1 . . . . . . . . . . . Total Hacks 208 | . 16 . 49 2 12 19 . 5 7 25 . 16 . . 7 6 12 . 9 5 . 3 15 Successful 163 | . 13 . 49 2 4 15 . 4 7 25 . 11 . . 2 4 9 . 8 3 . . 7 Failed 45 | . 3 . . . 8 4 . 1 . . . 5 . . 5 2 3 . 1 2 . 3 8 Catastrophic 5 | . . . . . . . . . . . . . . . . . 1 . . . . 1 3 Database Lockouts . | . . . . . . . . . . . . . . . . . . . . . . . . Manual 4 | . . . . . . . . . . . . . . . . . 1 2 1 . . . . Terminals 102 | . 16 . . 2 12 7 . . . . . 10 . . 5 6 12 . 9 5 . 3 15 Fabricators 8 | . . . . . . 3 . 3 . . . 2 . . . . . . . . . . . Repair Stations 5 | . . . . . . 1 . 2 . . . . . . 2 . . . . . . . . Recycling Units 2 | . . . . . . . . . . . . 2 . . . . . . . . . . . Scanalyzers 9 | . . . . . . 8 . . . . . 1 . . . . . . . . . . . Garrison Access 1 | . . . . . . . . . . . . 1 . . . . . . . . . . . Terminal Hacks 145 | . 13 . 49 2 4 5 . . 7 25 . 7 . . 2 4 9 . 8 3 . . 7 Record 84 | . 2 . 49 2 . . . . 6 11 . 2 . . . . 8 . 4 . . . . Part Schematic 9 | . . . . . . . . . . 6 . 1 . . . . . . 2 . . . . Robot Schematic 5 | . . . . . . . . . . 5 . . . . . . . . . . . . . Prototype ID Bank 8 | . 2 . . . 2 . . . . 3 . . . . . . . . . . . . 1 Open Door 3 | . . . . . . . . . 1 . . . . . 1 . 1 . . . . . . Level Access Points 1 | . . . . . . 1 . . . . . . . . . . . . . . . . . Branch Access Points 4 | . . . . . . . . . . . . 1 . . 1 . . . . 1 . . 1 Emergency Access Points 2 | . . . . . . 1 . . . . . . . . . . . . . . . . 1 Recycling Unit Index 1 | . . . . . . . . . . . . . . . . . . . . . . . 1 Unreport Threat 2 | . . . . . 2 . . . . . . . . . . . . . . . . . . Locate Traps 4 | . 3 . . . . . . . . . . . . . . 1 . . . . . . . Disarm Traps 1 | . 1 . . . . . . . . . . . . . . . . . . . . . . Reprogram Traps 1 | . . . . . . . . . . . . . . . . . . . . 1 . . . Dispatch Records 1 | . . . . . . . . . . . . . . . . . . . . . . . 1 Surveillance Status 2 | . 1 . . . . 1 . . . . . . . . . . . . . . . . . Patrol Status 3 | . . . . . . 1 . . . . . 1 . . . 1 . . . . . . . Transport Status 1 | . 1 . . . . . . . . . . . . . . . . . . . . . . Assault Status 2 | . . . . . . . . . . . . 1 . . . . . . 1 . . . . Hauler Manifests 3 | . 1 . . . . 1 . . . . . . . . . . . . 1 . . . . Registered Prototypes 1 | . . . . . . . . . . . . . . . . . . . . . . . 1 Zone Layout 7 | . 2 . . . . . . . . . . 1 . . . 2 . . . 1 . . 1 Fabricator Hacks 6 | . . . . . . 2 . 2 . . . 2 . . . . . . . . . . . Load Schematic 3 | . . . . . . 1 . 1 . . . 1 . . . . . . . . . . . Build 3 | . . . . . . 1 . 1 . . . 1 . . . . . . . . . . . Repair Station Hacks 2 | . . . . . . . . 2 . . . . . . . . . . . . . . . Scan Component 1 | . . . . . . . . 1 . . . . . . . . . . . . . . . Repair 1 | . . . . . . . . 1 . . . . . . . . . . . . . . . Recycling Unit Hacks 1 | . . . . . . . . . . . . 1 . . . . . . . . . . . Retrieve Components 1 | . . . . . . . . . . . . 1 . . . . . . . . . . . Scanalyzer 8 | . . . . . . 8 . . . . . . . . . . . . . . . . . Insert Component 4 | . . . . . . 4 . . . . . . . . . . . . . . . . . Analyze 4 | . . . . . . 4 . . . . . . . . . . . . . . . . . Garrison Access Hacks 1 | . . . . . . . . . . . . 1 . . . . . . . . . . . Seal Access 1 | . . . . . . . . . . . . 1 . . . . . . . . . . . Unauthorized Hacks . | . . . . . . . . . . . . . . . . . . . . . . . . Terminals . | . . . . . . . . . . . . . . . . . . . . . . . . Fabricators . | . . . . . . . . . . . . . . . . . . . . . . . . Repair Stations . | . . . . . . . . . . . . . . . . . . . . . . . . Recycling Units . | . . . . . . . . . . . . . . . . . . . . . . . . Scanalyzers . | . . . . . . . . . . . . . . . . . . . . . . . . Garrison Access . | . . . . . . . . . . . . . . . . . . . . . . . . Data Cores Recovered . | . . . . . . . . . . . . . . . . . . . . . . . . Used . | . . . . . . . . . . . . . . . . . . . . . . . . Hacking Detections 33 | . 5 . . 1 4 5 . 1 . . . 4 . . 4 2 2 . 2 1 . 1 1 Full Trace Events 2 | . . . . . . . . . . . . . . . . . 2 . . . . . . Feedback Events . | . . . . . . . . . . . . . . . . . . . . . . . . Feedback Blocked . | . . . . . . . . . . . . . . . . . . . . . . . . Robot Schematics Acquired 5 | . . . . . . . . . . 5 . . . . . . . . . . . . . Robots Built . | . . . . . . . . . . . . . . . . . . . . . . . . Matter . | . . . . . . . . . . . . . . . . . . . . . . . . Time . | . . . . . . . . . . . . . . . . . . . . . . . . Total Robot Build Rating . | . . . . . . . . . . . . . . . . . . . . . . . . Part Schematics Acquired 13 | . . . . . . 4 . . . 6 . 1 . . . . . . 2 . . . . Parts Built 3 | . . . . . . 1 . 1 . . . 1 . . . . . . . . . . . Matter 760 | . . . . . . 285 . 285 . . . 190 . . . . . . . . . . . Time 173 | . . . . . . 76 . 50 . . . 47 . . . . . . . . . . . Total Part Build Rating 15 | . . . . . . 5 . 5 . . . 5 . . . . . . . . . . . Parts Repaired 1 | . . . . . . . . 1 . . . . . . . . . . . . . . . Time 44 | . . . . . . . . 44 . . . . . . . . . . . . . . . Parts Recycled . | . . . . . . . . . . . . . . . . . . . . . . . . Recycled Matter . | . . . . . . . . . . . . . . . . . . . . . . . . Retrieved Matter . | . . . . . . . . . . . . . . . . . . . . . . . . Retrieved Components 2 | . . . . . . . . . . . . 2 . . . . . . . . . . . Parts Scanalyzed 4 | . . . . . . 4 . . . . . . . . . . . . . . . . . Part Schematics Acquired 4 | . . . . . . 4 . . . . . . . . . . . . . . . . . Parts Damaged . | . . . . . . . . . . . . . . . . . . . . . . . . Bothacking | -11 -10 -10 -10 -9 -8 -7 -7 -7 -7 -7 -6 -6 -6 -6 -5 -5 -5 -5 -5 -4 -3 -3 -2 ------------ Run | Scr Mat Min Exi Min Mat Fac Was Fac Low Dat Pro Fac Low Low Fac Ext Cet Arc Hub Fac Res Tes Res Used RIF Installer . | . . . . . . . . . . . . . . . . . . . . . . . . Robots Hacked . | . . . . . . . . . . . . . . . . . . . . . . . . Non-combat . | . . . . . . . . . . . . . . . . . . . . . . . . Combat . | . . . . . . . . . . . . . . . . . . . . . . . . Robot Hacks Applied . | . . . . . . . . . . . . . . . . . . . . . . . . Relay Couplers Released 2 | . . . . . . . . . . . . . . . . . . . . . . . 2 Machine Destruction 2 | . . . . . . . . . . . . . . . . . . . . . . . 2 Robots Rewired . | . . . . . . . . . . . . . . . . . . . . . . . . Allies Hacked . | . . . . . . . . . . . . . . . . . . . . . . . . Hacks Repelled . | . . . . . . . . . . . . . . . . . . . . . . . . Allies | -11 -10 -10 -10 -9 -8 -7 -7 -7 -7 -7 -6 -6 -6 -6 -5 -5 -5 -5 -5 -4 -3 -3 -2 -------- Run | Scr Mat Min Exi Min Mat Fac Was Fac Low Dat Pro Fac Low Low Fac Ext Cet Arc Hub Fac Res Tes Res Total Allies 8 | . . 3 . . . . . . 2 . 1 . . . . 2 . . . . . . . Largest Group 3 | . . 3 3 3 3 . . . 2 . 1 . . . . 2 . . . . . . . Highest-Rated Group 94 | . . 40 40 40 40 . . . 62 . 94 . . . . 45 . . . . . . . Highest-Rated Ally 94 | . . 16 16 16 16 . . . 31 . 94 . . . . 25 . . . . . . . Total Orders 8 | . . . . . . . . . . . . 2 . . . . . . . . 6 . . EXPLORE 8 | . . . . . . . . . . . . 2 . . . . . . . . 6 . . Ally Attacks 33 | . . . . 3 4 . . . 7 . 18 . . . . 1 . . . . . . . Total Damage 2134 | . . . . 94 60 . . . 1303 . 648 . . . . 29 . . . . . . . Kills 9 | . . . . 1 . . . . 5 . 3 . . . . . . . . . . . . Allies Corrupted . | . . . . . . . . . . . . . . . . . . . . . . . . Allies Melted . | . . . . . . . . . . . . . . . . . . . . . . . . Intel | -11 -10 -10 -10 -9 -8 -7 -7 -7 -7 -7 -6 -6 -6 -6 -5 -5 -5 -5 -5 -4 -3 -3 -2 ------- Run | Scr Mat Min Exi Min Mat Fac Was Fac Low Dat Pro Fac Low Low Fac Ext Cet Arc Hub Fac Res Tes Res Robot Analysis Total . | . . . . . . . . . . . . . . . . . . . . . . . . Derelict Logs Recovered 6 | . . . . . . . . . 2 . 2 . 1 1 . . . . . . . . . Drone Launches 8 | . . . . . . . . . . . . 2 . . . . . . . . 6 . . Drone Recoveries 1 | . . . . . . . . . . . . . . . . . . . . . 1 . . Exploration | -11 -10 -10 -10 -9 -8 -7 -7 -7 -7 -7 -6 -6 -6 -6 -5 -5 -5 -5 -5 -4 -3 -3 -2 ------------- Run | Scr Mat Min Exi Min Mat Fac Was Fac Low Dat Pro Fac Low Low Fac Ext Cet Arc Hub Fac Res Tes Res Turns Passed 8078 | 224 357 237 710 821 558 385 44 248 233 30 631 330 696 261 242 283 171 39 222 139 296 262 659 Spaces Moved 11485 | 54 328 251 762 789 509 494 125 323 697 96 1162 748 1245 580 523 525 212 92 386 268 554 232 530 Core 613 | 13 . . . . . . . . . . . . . . . . . . . . 168 134 298 Treads 30 | 30 . . . . . . . . . . . . . . . . . . . . . . . Legs 330 | . . . . . . . . . . . . . . . . . . . . . . 98 232 Wheels 2310 | 11 328 251 762 789 169 . . . . . . . . . . . . . . . . . . Hover 249 | . . . . . 249 . . . . . . . . . . . . . . . . . . Flight 7953 | . . . . . 91 494 125 323 697 96 1162 748 1245 580 523 525 212 92 386 268 386 . . Fastest Speed 23 | 50 80 90 90 90 26 23 24 24 29 29 29 26 26 35 28 29 28 28 28 32 32 50 50 Average Speed 48 | 155 85 90 90 90 81 30 25 26 29 29 29 26 29 35 40 29 29 30 30 40 44 84 86 Slowest Speed 500 | 250 90 90 90 90 110 102 29 94 29 29 99 184 98 55 55 29 32 99 165 107 280 250 500 Overloaded Moves . | . . . . . . . . . . . . . . . . . . . . . . . . Propulsion Burnouts . | . . . . . . . . . . . . . . . . . . . . . . . . Robots Hopped 34 | . . . . . 4 . . 1 . . . 5 . . 2 7 4 . . . 11 . . Cave-ins Triggered . | . . . . . . . . . . . . . . . . . . . . . . . . Exploration Rate (%) 50 | 5 58 52 92 100 38 12 78 13 80 75 97 26 96 46 12 57 84 88 31 10 20 32 16 Regions Visited 23 Branch Regions 13 Pre-discovered Areas 6 | . . . 1 1 . . . . 2 1 1 . . . . . . . . . . . . Known Exits Taken 20 | 1 1 1 1 1 1 . . 1 . 1 1 1 1 1 1 1 1 1 1 1 1 1 . Unknown Exits Taken 1 | . . . . . . . . . 1 . . . . . . . . . . . . . . Scrap Searched 9 | . . . . 1 . . . . 2 . 4 . 1 1 . . . . . . . . . Spaces Dug . | . . . . . . . . . . . . . . . . . . . . . . . . Terrain Destroyed 1118 | 83 87 . . 50 20 . . 40 20 . 14 67 463 . . 17 . 20 229 2 . . 6 Melee . | . . . . . . . . . . . . . . . . . . . . . . . . Projectile 6 | . . . . . . . . . . . . . 2 . . . . . . 2 . . 2 AOE 1112 | 83 87 . . 50 20 . . 40 20 . 14 67 461 . . 17 . 20 229 . . . 4 Terrain Rammed . | . . . . . . . . . . . . . . . . . . . . . . . . Walls Destroyed . | . . . . . . . . . . . . . . . . . . . . . . . . Machines Disabled . | . . . . . . . . . . . . . . . . . . . . . . . . Actions | -11 -10 -10 -10 -9 -8 -7 -7 -7 -7 -7 -6 -6 -6 -6 -5 -5 -5 -5 -5 -4 -3 -3 -2 --------- Run | Scr Mat Min Exi Min Mat Fac Was Fac Low Dat Pro Fac Low Low Fac Ext Cet Arc Hub Fac Res Tes Res Total 13721 | 175 370 261 786 892 622 716 138 471 716 96 1434 865 1554 635 555 635 314 100 474 290 596 298 728 Wait 1796 | 91 22 11 25 92 45 203 6 106 6 . 260 77 283 51 10 105 105 7 66 5 27 53 140 Move 11397 | 53 327 250 761 788 500 494 124 320 696 95 1161 737 1244 579 518 510 203 91 385 267 533 231 530 Hop 32 | . . . . . 4 . . 1 . . . 5 . . 2 7 4 . . . 9 . . Pick Up 80 | 9 1 . . 4 15 3 . 3 1 . 1 4 3 3 8 . . . 4 3 5 1 12 Fast Attach 41 | . 1 . . . 4 1 2 1 . . 1 7 . 2 2 3 . . 3 4 3 3 4 Attach 89 | 9 1 . . 2 12 3 . 3 2 . 1 8 8 . 6 . 1 1 5 3 7 2 15 Detach 43 | 3 1 . . 1 5 1 3 2 . . . 6 2 . 2 . . . 1 2 5 3 6 Swap 11 | . . . . . 2 1 . 1 . . . 4 . . 1 . . . . 1 . . 1 Drop 61 | . . . . . 14 3 3 3 . . . 8 . . 6 . . . 1 . 5 4 14 Fire 136 | 10 17 . . 4 20 7 . 13 11 1 10 9 14 . . 8 1 . . 3 2 . 6 Melee 14 | . . . . . . . . . . . . . . . . 2 . 1 9 2 . . . Ram 3 | . . . . 1 1 . . . . . . . . . . . . . . . . 1 . Kick . | . . . . . . . . . . . . . . . . . . . . . . . . Crush . | . . . . . . . . . . . . . . . . . . . . . . . . Escape Stasis 18 | . . . . . . . . 18 . . . . . . . . . . . . . . . Rewire . | . . . . . . . . . . . . . . . . . . . . . . . . Trap . | . . . . . . . . . . . . . . . . . . . . . . . . Miscellaneous . | . . . . . . . . . . . . . . . . . . . . . . . . Route ------- -11/Scrapyard -10/Materials (discovered 3 exits: *Mat / *Min x2) -10/Mines -10/Exiles (discovered 2 exits: *Min x2) -9/Mines (discovered 2 exits: *Mat x2) -8/Materials -7/Factory (discovered 4 exits: Fac x4) -7/Waste -7/Factory -7/Lower Caves -7/Data Miner -6/Proximity Caves -6/Factory (discovered 2 exits: *Low x2) -6/Lower Caves -6/Lower Caves -5/Factory (discovered 6 exits: Fac x2 / Upp x2 / *Ext x2) -5/Extension (discovered 2 exits: *Fac / *Cet) -5/Cetus (discovered 2 exits: *Fac / *Arc) -5/Archives (discovered 2 exits: *Fac / *Hub) -5/Hub_04(d) -4/Factory (discovered 4 exits: *Res / Upp x2 / Arm) -3/Research -3/Testing -2/Research (discovered 2 exits: Qua x2) History --------- Turn | Location | Event 54 | -11/Scrapyard | Identified exit to Materials 54 | -11/Scrapyard | Discovered exit to Materials (range 15) 225 | -11/Scrapyard | Entered Materials 225 | -10/Materials | Evolved 1 slot: Utility x1 316 | -10/Materials | Build established: Hacker-Mutant 387 | -10/Materials | Identified exit to Materials 387 | -10/Materials | Discovered exit to Materials (range 11) 414 | -10/Materials | Identified exit to Mines 414 | -10/Materials | Discovered exit to Mines (range 10) 498 | -10/Materials | Discovered exit to Mines (range 8) 582 | -10/Materials | Entered Mines 610 | -10/Mines | Assembled infested the area 624 | -10/Mines | Met a Derelict bent on vengeance 689 | -10/Mines | Found a hidden stash of uninstalled traps 711 | -10/Mines | Assisted by bots powering up and referring to "LRC-V3" 803 | -10/Mines | Deemed a non-threat by the Exiles lab entrance 803 | -10/Mines | Identified exit to Exiles 803 | -10/Mines | Discovered exit to Exiles (range 5) 819 | -10/Mines | Entered Exiles 819 | -10/Exiles | Accompanied by 3 allies 838 | -10/Exiles | Identified exit to Mines 838 | -10/Exiles | Discovered exit to Mines (range 15) 856 | -10/Exiles | Met 8R-AWN 871 | -10/Exiles | Met EX-HEX 898 | -10/Exiles | Met EX-BIN 990 | -10/Exiles | Met EX-DEC 1009 | -10/Exiles | Learned location of Zion (-6) 1059 | -10/Exiles | Discovered exit to Mines (range 14) 1163 | -10/Exiles | Visited The Gauntlet 1529 | -10/Exiles | Entered Mines 1529 | -9/Mines | Accompanied by 3 allies 1684 | -9/Mines | Identified exit to Materials 1684 | -9/Mines | Discovered exit to Materials (range 8) 1719 | -9/Mines | Discovered exit to Materials (range 12) 1740 | -9/Mines | Learned location of Storage (-8) 1809 | -9/Mines | A weapon hastily lodged in a ceiling crevice suddenly fell to the ground 1884 | -9/Mines | Found a damaged Exp. Sensor Array with a note attached 1886 | -9/Mines | Found Prototype Device 1887 | -9/Mines | Identified Exp. Sensor Array 2350 | -9/Mines | Entered Materials 2350 | -8/Materials | Accompanied by 3 allies 2350 | -8/Materials | Evolved 4 slots: Power x1, Propulsion x2, Utility x1 2555 | -8/Materials | Lost 3 parts (1n2w) 2683 | -8/Materials | Identified exit to Factory 2683 | -8/Materials | Discovered exit to Factory (range 13) 2908 | -8/Materials | Entered Factory 2908 | -7/Factory | Evolved 2 slots: Propulsion x1, Utility x1 3043 | -7/Factory | Fabricated Exp. Sensor Array (x1) 3146 | -7/Factory | Build established: Hacker-Sprinter 3196 | -7/Factory | Local fabrication network quarantined 3225 | -7/Factory | Identified exit to Factory 3293 | -7/Factory | Sucked down chute 3293 | -7/Factory | Entered Waste 3299 | -7/Waste | Spotted C-40 Crusher 3302 | -7/Waste | Spotted C-40 Crusher 3302 | -7/Waste | Spotted C-40 Crusher 3309 | -7/Waste | Spotted C-40 Crusher 3309 | -7/Waste | Spotted C-40 Crusher 3326 | -7/Waste | Identified exit to Factory 3326 | -7/Waste | Discovered exit to Factory (range 16) 3337 | -7/Waste | Entered Factory 3393 | -7/Factory | Fabricated Exp. Sensor Array (x1) 3519 | -7/Factory | Repaired Imp. Deuterium Engine 3526 | -7/Factory | Identified exit to Lower Caves 3526 | -7/Factory | Discovered exit to Lower Caves (range 11) 3585 | -7/Factory | Entered Lower Caves 3651 | -7/Lower Caves | Attacked by a faux Warlord 3683 | -7/Lower Caves | A Commander dispatched an escort 3688 | -7/Lower Caves | Learned location of Extension (-5) 3688 | -7/Lower Caves | Learned Extension stockpile data 3688 | -7/Lower Caves | Learned Extension garrison access intel 3810 | -7/Lower Caves | Learned Factory emergency access door positions 3815 | -7/Lower Caves | A Derelict revealed a hidden shortcut to meet someone special 3818 | -7/Lower Caves | Entered Data Miner 3818 | -7/Data Miner | Identified exit to Proximity Caves 3818 | -7/Data Miner | Discovered exit to Proximity Caves (range 6) 3824 | -7/Data Miner | Met Data Miner 3835 | -7/Data Miner | Learned location of Section 7 (-2) 3835 | -7/Data Miner | Acquired the access code to Warlord's prototype stash 3842 | -7/Data Miner | Received God Mode back door access code from Data Miner 3848 | -7/Data Miner | Entered Proximity Caves 4013 | -6/Proximity Caves | Received a Behemoth hack from an annoying Tinkerer 4146 | -6/Proximity Caves | Escorted by Enhanced Grunt 4189 | -6/Proximity Caves | Discovered exit to Factory (range 6) 4287 | -6/Proximity Caves | Attracted the attention of an 0b10 base 4479 | -6/Proximity Caves | Entered Factory 4479 | -6/Factory | Evolved 2 slots: Power x1, Utility x1 4523 | -6/Factory | Identified exit to Lower Caves 4793 | -6/Factory | Fabricated Cloaking Device (x1) 4809 | -6/Factory | Entered Lower Caves 4895 | -6/Lower Caves | Attracted the attention of an 0b10 checkpoint 5016 | -6/Lower Caves | Lost 10 parts (2p2n4u2w) 5153 | -6/Lower Caves | Spotted B-75 Beast 5278 | -6/Lower Caves | Learned 4 Factory zone layouts 5288 | -6/Lower Caves | Encountered a Warlord checkpoint 5422 | -6/Lower Caves | Identified exit to Lower Caves 5422 | -6/Lower Caves | Discovered exit to Lower Caves (range 5) 5505 | -6/Lower Caves | Entered another Lower Caves area 5559 | -6/Lower Caves | Encountered a Warlord checkpoint 5564 | -6/Lower Caves | Identified exit to Factory 5564 | -6/Lower Caves | Discovered exit to Factory (range 7) 5647 | -6/Lower Caves | Spotted B-75 Beast 5696 | -6/Lower Caves | Learned Factory emergency access door positions 5706 | -6/Lower Caves | Build established: Hacker-Mutant 5766 | -6/Lower Caves | Entered Factory 5766 | -5/Factory | Evolved 2 slots: Utility x1, Weapon x1 5767 | -5/Factory | Identified exit to Upper Caves 5768 | -5/Factory | Identified exit to Factory 5911 | -5/Factory | Identified exit to Extension 6008 | -5/Factory | Entered Extension 6187 | -5/Extension | Rescued a captive Derelict 6191 | -5/Extension | Rescued a captive Derelict 6198 | -5/Extension | Spotted B-75 Beast 6219 | -5/Extension | Build established: Generator-Sprinter 6244 | -5/Extension | Spotted B-75 Beast 6278 | -5/Extension | Discovered exit to Factory (range 20) 6278 | -5/Extension | Identified exit to Cetus 6278 | -5/Extension | Discovered exit to Cetus (range 20) 6282 | -5/Extension | Lost 3 parts (1p1u1w) 6291 | -5/Extension | Entered Cetus 6295 | -5/Cetus | Spotted Cetus Guard 6392 | -5/Cetus | Spotted Cetus Guard 6393 | -5/Cetus | Spotted Cetus Guard 6393 | -5/Cetus | Spotted Cetus Guard 6398 | -5/Cetus | Discovered exit to Factory (range 20) 6440 | -5/Cetus | Incoming investigation squad redirected 6448 | -5/Cetus | Incoming investigation squad redirected 6457 | -5/Cetus | Identified exit to Archives 6457 | -5/Cetus | Discovered exit to Archives (range 20) 6462 | -5/Cetus | Entered Archives 6480 | -5/Archives | Unable to access archive contents 6482 | -5/Archives | Discovered exit to Factory (range 16) 6492 | -5/Archives | Unable to access archive contents 6494 | -5/Archives | Identified exit to Hub_04(d) 6494 | -5/Archives | Discovered exit to Hub_04(d) (range 17) 6501 | -5/Archives | Entered Hub_04(d) 6511 | -5/Hub_04(d) | Discovered exit to Factory (range 11) 6525 | -5/Hub_04(d) | Lost 6 parts (1p3n1u1w) 6666 | -5/Hub_04(d) | Network Hub disabled 6709 | -5/Hub_04(d) | Spotted Lightning 6710 | -5/Hub_04(d) | Spotted Lightning 6711 | -5/Hub_04(d) | Core integrity fell below 50% 6712 | -5/Hub_04(d) | Spotted Lightning 6723 | -5/Hub_04(d) | Entered Factory 6723 | -4/Factory | Evolved 2 slots: Power x1, Utility x1 6754 | -4/Factory | Lost 6 parts (1p2n1u2w) 6784 | -4/Factory | Identified exit to Upper Caves 6784 | -4/Factory | Identified exit to Armory 6846 | -4/Factory | Identified exit to Research 6846 | -4/Factory | Discovered exit to Research (range 3) 6862 | -4/Factory | Entered Research 6862 | -3/Research | Evolved 2 slots: Propulsion x1, Weapon x1 6915 | -3/Research | Lost 3 parts (2n1w) 7050 | -3/Research | Core integrity fell below 50% 7053 | -3/Research | Lost 5 parts (3n2w) 7089 | -3/Research | Identified exit to Testing 7089 | -3/Research | Discovered exit to Testing (range 28) 7158 | -3/Research | Entered Testing 7386 | -3/Testing | Identified exit to Research 7386 | -3/Testing | Discovered exit to Research (range 11) 7418 | -3/Testing | Core integrity fell below 20% 7420 | -3/Testing | Entered Research 7420 | -2/Research | Evolved 2 slots: Utility x2 7457 | -2/Research | Spotted B-90 Cyclops 7998 | -2/Research | Identified exit to Quarantine 8065 | -2/Research | Core integrity fell below 50% 8077 | -2/Research | Core integrity fell below 20% 8079 | -2/Research | Destroyed by exploding Network Hub Last Messages --------------- 08069_ P-80 Master resets G-73 Enforcer, system corruption cleaned. 08069_ Penetrated by Slug. 08070_ U-05 Engineer lays Concrete. 08075_ K-01 Serf cleans the Quantum Generator. 08076_ Slug penetrates Wall. 08079_ K-01 Serf destroyed. 08079_ Quantum Generator explodes. 08079_ S-43 Plague destroyed. 08079_ R-10 Processor destroyed. 08079_ Quantum Generator explodes. 08079_ K-01 Serf destroyed. 08079_ S-43 Plague destroyed. 08079_ ALERT: Garrison Access compromised, dispatching assault squad. 08079_ Garrison Access disabled. 08079_ Relay Coupler [Grunt] tumbles out of Garrison Access. 08079_ Relay Coupler [NC] tumbles out of Garrison Access. 08079_ S-43 Plague destroyed. 08079_ H-88 Terminator destroyed. 08079_ P-80 Master destroyed. 08079_ Emergency Access malfunctions. Map ----- +----------------------------------------------------+ | ?????????????????????????????????????????????????? | | ?????????????????????????????????????????????????? | | ?????????????????????????????????????????????????? | | ?????????????????????????????????????????????????? | | ?????????????????????????????????????????????????? | | ?????????????????????????????????????????????????? | | ?????????????????????????????????????????????????? | | ?????????????????????????????????????????????????? | | ?????????????????????????????????????????????????? | | ?????????????????????????????????????????????????? | | ?????????????????????????????????????????????????? | | ?????????????????????????????????????????????????? | | ?????????????????????????????????????????????????? | | ?????????????????????????????????????????????????? | | ?????????????????????????????????????????????????? | | ?????????????????????????????????????????????????? | | ?????????????????????????????#???????????????????? | | ???????????????????????????? #???????????????????? | | ???????????????????????##?## #???##?#????????????? | | ???????????????????????# # # #?? # #????????????? | | ?????????????????????### ; ## ?????????????? | | ?????????????????????# R ;;###????????????? | | ????????????????????## ###??????????? | | ???????????????????## ; #??????????? | | ???????????????????# ;????????????? | | ???????????????????# @ ; #?????????? | | ???????????????????## ; #?????????? | | ??????????????????# ;#???????????? | | ??????????????????# #;#??????????? | | ??????????????????# ; ??????????? | | ??????????????????# = ;;#??????????? | | ??????????????????# ;# ??????????? | | ??????????????????# ; ???????????? | | ??????????????????# ;#???????????? | | ?????????????????#;;;; % ;;;#???????????? | | ?????????????????; ????????????? | | ???????????????? ; ????????????? | | ???????????????? ; %= ??????????????? | | ?????????????????# * ????????????????? | | ?????????????????# #????????????????? | | ?????????????????# #????????????????? | | ?????????????????# ] # #????????????????? | | ?????????????????# # #????????????????? | | ?????????????????########### #????????????????? | | ??????????????????########## #????????????????? | | ??????????????????# / %%###??????????????? | | ??????????????????# % ##?????????????? | | ??????????????????#""" = #?????????????? | | ???????????????????""" ############??? | | ???????????????????""" ?? | +----------------------------------------------------+ Best States ------------- Heat Dissipation 59 Energy Generation 59 Energy Capacity 650 Matter Stores 300 Matter Capacity 300 Sight Range 20 Robot Scan Range 30 Terrain Scan Density 10 Cloak Strength 2 Armor Coverage 225 Resistance: KI 35 Resistance: TH 35 Resistance: EX 35 Resistance: EM 35 Resistance: I 35 Resistance: S 35 Resistance: P 35 Evasion (%) 74 Recoil Reduction 2 Offensive Hacking 20 Item Schematics ----------------- Exp. Sensor Array | -7/Factory | Scanalyzed Adv. Visual Processing Unit | -7/Factory | Scanalyzed Arc Projector | -7/Factory | Scanalyzed Lrg. Storage Unit | -7/Factory | Scanalyzed Combat Drone Bay | -7/Data Miner | Free Lgt. Regenerative Plating | -7/Data Miner | Free Exp. ECM Suite | -7/Data Miner | Free Cloaking Device | -7/Data Miner | Free Plasma Sword | -7/Data Miner | Free Kinetic Spear | -7/Data Miner | Free Point Defense Array | -6/Factory | Hacked Adv. Datajack | -5/Hub_04(d) | Hacked Adv. Field Recycling Unit | -5/Hub_04(d) | Hacked Robot Schematics ------------------ S-27 Virus | -7/Data Miner | Free G-50 Soldier | -7/Data Miner | Free X-72 Disruptor | -7/Data Miner | Free I-36 Angel | -7/Data Miner | Free P-70 Sage | -7/Data Miner | Free Fabricated ------------ Exp. Sensor Array | x1 | -7/Factory Exp. Sensor Array | x1 | -7/Factory Cloaking Device | x1 | -6/Factory Alien Tech Used ----------------- None Achievements -------------- None Challenges ------------ None Game ------ Seed DirtyRegenerativePlating Manual? 0 Play Time 01:58:37 Cumulative 77.1 hours Start 2021.04.01 @ 17:05:04 End 2021.04.01 @ 17:03:03 Sessions 1 Manual Loads 0 Difficulty Explorer Special Mode AFD2021/Volatile Game No. 43 Rogue 2 Adventurer 0 Explorer 41 Win Type - Total 2 Types 2/0/0/0/0/0/0/0/0 Lore% 49 Gallery% 61 Achievement% 46 Wizard Run 0 Options --------- ASCII 0 Keyboard 0 Movement Mouse Keybinds 0 Fullscreen 1 Font 12/Smallcaps Map View 83x54 Tactical HUD 1 Map Filters NONE Filters NONE Steam 1 RUN: a480a6d1-80eb-48e5-bc50-a7087e9b3187